 Dungeon Crawl Stone Soup version 0.22.0 (webtiles) character file.

113108 Ellandar the Executioner (level 16, -2/149 HPs)
             Began as a Minotaur Berserker on Oct 15, 2018.
             Was a High Priest of Trog.
             Slain by a wight
             ... wielding a +2 halberd of freezing
              (3 damage)
             ... on level 14 of the Dungeon.
             The game lasted 01:47:15 (19417 turns).

Ellandar the Executioner (Minotaur Berserker)      Turns: 19417, Time: 01:47:15

Health: -2/149     AC: 18    Str: 28    XL:     16   Next: 13%
Magic:  0/15       EV: 13    Int: 10    God:    Trog [*****.]
Gold:   927        SH:  0    Dex: 11    Spells: 15/15 levels left

rFire    + + .     SeeInvis +   B - +4 executioner's axe (flame)
rCold    . . .     Gourm    .   (shield currently unavailable)
rNeg     . . .     Faith    .   p - +4 plate armour {rF+}
rPois    +         Spirit   +   O - +2 hat
rElec    .         Reflect  .   f - +0 cloak
rCorr    .         Harm     .   (no gloves)
MR       ++...                  v - +0 pair of boots
Stlth    ..........             r - amulet of guardian spirit
HPRegen  0.34/turn              J - ring of Muong {rPois rF+ MR+ Int+6}
MPRegen  0.14/turn              I - ring of see invisible

@: corroded, berserk cooldown, very slightly contaminated, slowed, very slow
A: retaliatory headbutt, horns 2
a: Berserk, Trog's Hand, Brothers in Arms, Renounce Religion


You were on level 14 of the Dungeon.
You worshipped Trog.
Trog was extremely pleased with you.
You were near starving.

You visited 2 branches of the dungeon, and saw 20 of its levels.
You visited 1 bazaar.
You also visited: Bailey.

You collected 1498 gold pieces.
You spent 571 gold pieces at shops.

Inventory:

Hand Weapons
 B - a +4 executioner's axe of flaming (weapon)
Armour
 f - a +0 cloak (worn)
 p - a +4 plate armour of fire resistance (worn)
 v - a +0 pair of boots (worn)
 O - a +2 hat (worn)
Jewellery
 i - a +2 ring of evasion
 k - an uncursed ring of stealth {unknown}
 r - an amulet of guardian spirit (around neck)
 I - a ring of see invisible (right hand)
 J - the ring of Muong (left hand) {rPois rF+ MR+ Int+6}
   (You acquired it on level 11 of the Dungeon)

   [ring of poison resistance]

   It affects your intelligence (+6).
   It protects you from fire.
   It protects you from poison.
   It affects your resistance to hostile enchantments.
 Q - an uncursed ring of protection from cold
Wands
 b - a wand of polymorph (3)
 n - a wand of random effects (64)
 q - a wand of flame (66)
 t - a wand of paralysis (34)
 y - a wand of acid (35)
 G - a wand of scattershot (11)
Scrolls
 a - 4 scrolls of blinking
 e - 4 scrolls of remove curse
 g - 9 scrolls of teleportation
 h - 5 scrolls of amnesia
 A - a scroll of magic mapping
 D - a scroll of fog
 H - 9 scrolls of identify
 L - 5 scrolls of fear
Potions
 d - 4 potions of resistance
 l - a potion of mutation
 m - 12 potions of curing
 o - 3 potions of agility
 u - a potion of invisibility
 x - 4 potions of brilliance
 z - 2 potions of berserk rage
 C - a potion of might
 K - 2 potions of ambrosia
 P - 3 potions of flight
Comestibles
 c - 43 rations
 j - 5 chunks of flesh


   Skills:
 + Level 15.6 Fighting
 * Level 21.6 Axes
 + Level 15.3 Armour
 + Level 10.7 Dodging


You had 15 spell levels left.
You didn't know any spells.
Your spell library contained the following spells:

 Spells                   Type           Power        Failure   Level  Hunger
 Apportation              Tloc           #.....       92%         1    ##.....
 Summon Small Mammal      Summ           #...         92%         1    ##.....
 Animate Skeleton         Necr           N/A          92%         1    ##.....
 Recall                   Summ/Tloc      N/A          100%        3    ####...
 Confusing Touch          Hex            #.....       92%         1    ##.....
 Portal Projectile        Hex/Tloc       #.....       100%        3    ####...
 Force Lance              Conj/Tloc      #.......     100%        4    #####..
 Summon Forest            Summ/Tloc      #.........   100%        5    ######.
 Gell's Gravitas          Tloc           #.........   100%        3    ####...


Dungeon Overview and Level Annotations

Branches:
Dungeon (14/15)            Temple (0/1) D:7            Lair (6/6) D:10
 Shoals (0/4) Lair:2       Spider (0/4) Lair:4        Slime (0/5) Lair:6
    Orc (0/2) D:12
 Vaults: D:13-14

Altars:
Dithmenos
Gozag
Hepliaklqana
Kikubaaqudgha
Makhleb
Nemelex Xobeh
Okawaru
Qazlal
Ru
Sif Muna
Trog
Wu Jian
Yredelemnul
Beogh
Jiyva

Shops:
D:5 %

Portals:
Trove: D:10 (give +2 gold dragon scales)

Annotations:
D:13 exclusion: downstairs
Lair:6 1 runed door


Innate Abilities, Weirdness & Mutations

You reflexively headbutt those who attack you in melee.
You have a pair of horns on your head.


Message History

The vampire mosquito closely misses you.
You furiously retaliate!
You headbutt the vampire mosquito, but do no damage.
You slice the vampire mosquito!! You burn the vampire mosquito.
You destroy the vampire mosquito!
Trog accepts your kill. The wight misses you.
The phantom blinks!
The wight completely misses you.
Items here: )) [[ a dagger; a robe; a halberd; a robe The wight hits you but does no damage.
Things that are here:
2 large rocks; a cyclops corpse You barely miss the wight.
Your headbutt misses the wight. The wight hits you but does no damage.
You closely miss the wight. Your headbutt misses the wight.
The wight hits you with a halberd of freezing!
* * * LOW HITPOINT WARNING * * *
The wight freezes you.
You die...

#≈.(.#.#..
....#.z..z. #§..#e#
...?...<.z. #≈(.#.#
#.#######.. ###c#y#
. #≈(e.# # ##y5.#
#. ##§§# #O
#§.#####
..5#.§##Wz@).#
#....)o###(#
...#.§##§###(####.#
#§ #≈)##.......# #E
##)##.......# #
##≈.##.......#
#≈..##.......#
###..##.......#
#≈............#


You could see a phantom, a wight and an orc.

Vanquished Creatures
  Rupert (Lair:5)
  Azrael (D:14)
  Snorg (D:11)
  Erolcha (D:9)
  A great orb of eyes (D:12)
  Harold (D:7)
  Fannar (Lair:1)
  8 hydras
  3 centaur warriors
  Erica (Lair:1)
  3 ogre magi (D:14)
  9 death yaks
  5 two-headed ogres
  4 tengu warriors (D:13)
  4 harpies (D:13)
  Pikel (D:5)
  9 ugly things
  4 deep elf magi (D:14)
  2 orc knights (Bailey)
  3 oklob plants (Lair:1)
  3 cyclopes
  2 manticores (D:13)
  2 black mambas
  14 elephants
  A naga mage (D:14)
  A gargoyle (D:14)
  A torpor snail (Lair:6)
  29 spiny frogs
  A kobold demonologist (D:14)
  7 komodo dragons
  An efreet (D:14)
  A rime drake (Lair:5)
  3 hornets
  4 jumping spiders (Lair:4)
  2 trolls
  2 tyrant leeches (Lair:6)
  3 polar bears
  Prince Ribbit (D:7)
  4 slime creatures (D:12)
  10 dream sheep
  29 blink frogs
  7 spriggans (Lair:1)
  7 hippogriffs
  4 wyverns
  A redback (Lair:4)
  55 yaks
  A fire elemental (D:14)
  3 wraiths
  A vampire (D:13)
  5 basilisks
  3 hungry ghosts
  11 vampire mosquitoes
  A soldier ant (D:14)
  4 hell hounds (D:14)
  6 porcupines
  3 phantoms
  9 water moccasins
  6 ice beasts
  20 orc warriors
  4 sky beasts
  3 eyes of draining
  12 ogres
  3 wolves (Lair:4)
  8 centaurs
  6 crocodiles
  A big kobold (D:12)
  24 bullfrogs
  A wyvern skeleton (D:12)
  8 scorpions
  18 wights
  2 vampire bats (D:6)
  5 electric eels
  3 crimson imps
  2 bullfrog zombies (D:6)
  3 quasits
  A centaur zombie (D:9)
  5 hounds
  A jelly (D:5)
  8 orc priests
  Crazy Yiuf (D:7)
  4 bullfrog skeletons
  12 orc wizards
  4 centaur skeletons
  Jessica (D:2)
  3 iguanas
  6 worker ants
  Ijyb (D:3)
  7 hell rats (Lair:5)
  A killer bee zombie (D:7)
  A hound zombie (D:10)
  A hound skeleton (D:11)
  A howler monkey zombie (D:7)
  Robin (D:2)
  12 gnolls
  19 adders
  3 shadow imps
  An adder zombie (D:5)
  An adder skeleton (D:2)
  2 worms
  3 dart slugs
  4 leopard geckos
  90 orcs
  3 bat skeletons (D:6)
  A bat zombie (D:6)
  A giant cockroach (D:1)
  32 goblins
  24 hobgoblins
  15 jackals
  6 quokkas
  2 ball pythons
  7 bats
  4 frilled lizards
  A jackal skeleton (D:4)
  7 kobolds
  2 leopard gecko zombies
  6 rats
  8 fungi
  6 plants
753 creatures vanquished.

Vanquished Creatures (collateral kills)
  An orc warlord (Bailey)
  A vault guard (D:10)
  2 orc knights (Bailey)
  An oklob plant (Lair:1)
  3 yaks (D:11)
  A fire elemental (D:14)
  A vampire mosquito (D:14)
  4 orc warriors (Bailey)
  3 orcs (Bailey)
  4 goblins (Bailey)
  A hobgoblin (Bailey)
  A plant (Lair:1)
23 creatures vanquished.

Vanquished Creatures (others)
  An adder (D:5)
  15 fungi
  36 plants
52 creatures vanquished.

Grand Total: 828 creatures vanquished

Notes
Turn   | Place    | Note
-------+----------+-------------------------------------------
     0 | D:1      | Ellandar the Minotaur Berserker began the quest for the Orb.
     0 | D:1      | Reached XP level 1. HP: 19/19 MP: 0/0
   118 | D:1      | Reached skill level 4 in Axes
   278 | D:1      | Reached XP level 2. HP: 26/27 MP: 1/1
   731 | D:2      | Noticed Jessica
   745 | D:2      | Killed Jessica
   745 | D:2      | Reached XP level 3. HP: 32/33 MP: 2/2
   888 | D:2      | Noticed Robin
   895 | D:2      | Killed Robin
   895 | D:2      | Reached ** piety under Trog
   897 | D:2      | Reached skill level 5 in Axes
   897 | D:2      | Reached XP level 4. HP: 37/40 MP: 3/3
  1064 | D:2      | Found a burning altar of Makhleb.
  1644 | D:3      | Reached *** piety under Trog
  1652 | D:3      | Reached XP level 5. HP: 44/47 MP: 4/4
  1677 | D:3      | Noticed Ijyb
  1698 | D:3      | Killed Ijyb
  1796 | D:3      | Reached skill level 6 in Axes
  2028 | D:3      | Reached skill level 5 in Fighting
  2384 | D:4      | Noticed an ogre
  2389 | D:4      | Killed an ogre
  2389 | D:4      | Reached XP level 6. HP: 56/56 MP: 5/5
  2503 | D:4      | Reached skill level 7 in Axes
  3031 | D:4      | Reached XP level 7. HP: 62/62 MP: 6/6
  3036 | D:4      | Found a transporter.
  3064 | D:4      | Found a transporter.
  3254 | D:4      | Found a bloodstained altar of Trog.
  3265 | D:4      | Reached skill level 5 in Armour
  3268 | D:4      | Reached skill level 8 in Axes
  3442 | D:4      | Reached **** piety under Trog
  3857 | D:5      | Entered Level 5 of the Dungeon
  3939 | D:5      | Noticed Pikel
  3946 | D:5      | Killed Pikel
  3946 | D:5      | Reached skill level 9 in Axes
  3946 | D:5      | Reached XP level 8. HP: 73/73 MP: 7/7
  4150 | D:5      | Found Ublouv's Food Shoppe.
  4723 | D:6      | Reached skill level 10 in Axes
  5007 | D:6      | Reached XP level 9. HP: 63/81 MP: 8/8
  5352 | D:6      | Found a sacrificial altar of Ru.
  5352 | D:6      | Found a faded altar of an unknown god.
  5357 | D:6      | Found an iron altar of Okawaru.
  5359 | D:6      | Found a stormy altar of Qazlal.
  5362 | D:6      | Found a faded altar of an unknown god.
  5593 | D:6      | Found an ancient bone altar of Kikubaaqudgha.
  5603 | D:6      | Reached skill level 11 in Axes
  5773 | D:7      | Noticed Prince Ribbit
  5786 | D:7      | Killed Prince Ribbit
  5900 | D:7      | Found a sparkling altar of Nemelex Xobeh.
  5919 | D:7      | Found a staircase to the Ecumenical Temple.
  6058 | D:7      | Identified a scroll of acquirement
  6180 | D:7      | Noticed Harold
  6187 | D:7      | Killed Harold
  6187 | D:7      | Reached ***** piety under Trog
  6187 | D:7      | Reached skill level 12 in Axes
  6187 | D:7      | Reached XP level 10. HP: 91/91 MP: 9/9
  6206 | D:7      | Found an opulent altar of Gozag.
  6242 | D:7      | Found a runed door.
  6246 | D:7      | Noticed Crazy Yiuf
  6248 | D:7      | Killed Crazy Yiuf
  6603 | D:7      | Found a deep blue altar of Sif Muna.
  6880 | D:8      | Noticed a two-headed ogre
  6888 | D:8      | Killed a two-headed ogre
  6888 | D:8      | Reached skill level 10 in Fighting
  6888 | D:8      | Reached skill level 13 in Axes
  6893 | D:8      | Received a gift from Trog
  6935 | D:8      | Found a roughly hewn altar of Beogh.
  7276 | D:8      | Reached skill level 10 in Armour
  7540 | D:8      | Reached skill level 14 in Axes
  7794 | D:9      | Noticed Erolcha
  7799 | D:9      | Killed Erolcha
  7799 | D:9      | Reached XP level 11. HP: 101/101 MP: 10/10
  7845 | D:9      | Found a flagged portal.
  7856 | Bailey   | Entered a bailey
  7939 | Bailey   | Received a gift from Trog
  8021 | Bailey   | Noticed an orc knight
  8027 | Bailey   | Noticed an orc knight
  8033 | Bailey   | Killed an orc knight
  8056 | Bailey   | Killed an orc knight
  8411 | Bailey   | Noticed an orc warlord
  8411 | Bailey   | Noticed an orc knight
  8411 | Bailey   | Noticed an orc knight
  8418 | Bailey   | Killed an orc knight
  8426 | Bailey   | Killed an orc knight
  8429 | Bailey   | Killed an orc warlord
  8429 | Bailey   | Reached skill level 15 in Axes
  8629 | D:9      | Found a hazy altar of Hepliaklqana.
  8786 | D:9      | Noticed a two-headed ogre
  8790 | D:9      | Killed a two-headed ogre
  8940 | D:9      | Paralysed by a hornet for 2 turns
  9291 | D:9      | Found a bloodstained altar of Trog.
  9295 | D:9      | Found an ornate altar of the Wu Jian Council.
  9299 | D:9      | Found a shadowy altar of Dithmenos.
  9471 | D:10     | Entered Level 10 of the Dungeon
  9513 | D:10     | Found a staircase to the Lair.
  9690 | D:10     | Noticed a two-headed ogre
  9704 | D:10     | Killed a two-headed ogre
  9704 | D:10     | Reached XP level 12. HP: 112/112 MP: 11/11
  9787 | D:10     | Received a gift from Trog
  9883 | D:10     | Reached skill level 16 in Axes
 10197 | D:10     | Noticed a vault guard
 10201 | D:10     | Killed a vault guard
 10208 | D:10     | Found a portal to a secret trove of treasure.
 10441 | Lair:1   | Entered Level 1 of the Lair of Beasts
 10574 | Lair:1   | Noticed Fannar
 10599 | Lair:1   | Killed Fannar
 10659 | Lair:1   | Noticed Erica
 10668 | Lair:1   | Killed Erica
 11206 | Lair:1   | Reached skill level 5 in Dodging
 11311 | Lair:1   | Reached skill level 17 in Axes
 11550 | Lair:1   | Reached skill level 18 in Axes
 11550 | Lair:1   | Reached XP level 13. HP: 119/119 MP: 12/12
 11867 | Lair:2   | Found a staircase to the Shoals.
 12643 | Lair:3   | Reached XP level 14. HP: 113/129 MP: 13/13
 13061 | Lair:3   | Reached skill level 19 in Axes
 14089 | Lair:4   | Found a hole to the Spider Nest.
 14389 | Lair:5   | Received a gift from Trog
 14415 | Lair:5   | Noticed Rupert
 14420 | Lair:5   | Killed Rupert
 15010 | Lair:6   | Entered Level 6 of the Lair of Beasts
 15055 | Lair:6   | Reached skill level 20 in Axes
 15488 | Lair:6   | Reached XP level 15. HP: 117/139 MP: 14/14
 15811 | Lair:6   | Received a gift from Trog
 15912 | Lair:6   | Identified the Collected Works on Displacement
 16371 | Lair:6   | Found a runed door.
 16371 | Lair:6   | Found a viscous altar of Jiyva.
 16372 | Lair:6   | Noticed an azure jelly
 16374 | Lair:6   | Noticed an azure jelly
 16375 | Lair:6   | Noticed an azure jelly
 16381 | Lair:6   | Found a staircase to the Slime Pits.
 17147 | D:11     | Noticed Snorg
 17153 | D:11     | Killed Snorg
 17260 | D:11     | Got a heavily runed platinum amulet
 17261 | D:11     | Identified the amulet "Ywyaray" {+Rage Dex+4 Slay-4} (You acquired it on level 11 of the Dungeon)
 17270 | D:11     | Got a distressingly furry shield
 17272 | D:11     | Got an ancient iron ring
 17273 | D:11     | Identified the +5 shield "Qyocsah" {Str+2} (You acquired it on level 11 of the Dungeon)
 17274 | D:11     | Identified the ring of Muong {rPois rF+ MR+ Int+6} (You acquired it on level 11 of the Dungeon)
 17713 | D:12     | Found a basalt altar of Yredelemnul.
 17826 | D:12     | Reached skill level 15 in Fighting
 17909 | D:12     | Reached skill level 21 in Axes
 17918 | D:12     | Found a staircase to the Orcish Mines.
 17992 | D:12     | Found a flickering gateway to a bazaar.
 17997 | Bazaar   | Entered a bazaar
 18004 | Bazaar   | Found Haneguxt's Distillery.
 18019 | Bazaar   | Found Zienuhel's Food Shop.
 18032 | Bazaar   | Found Fytex's Weapon Boutique.
 18032 | Bazaar   | Found Nudwog's Magic Scroll Shop.
 18071 | Bazaar   | Bought a potion of mutation for 112 gold pieces
 18071 | Bazaar   | Bought a potion of haste for 140 gold pieces
 18071 | Bazaar   | Bought a potion of invisibility for 112 gold pieces
 18089 | Bazaar   | Bought a scroll of identify for 36 gold pieces
 18089 | Bazaar   | Bought a scroll of identify for 36 gold pieces
 18089 | Bazaar   | Bought a scroll of blinking for 135 gold pieces
 18335 | D:13     | Reached skill level 10 in Dodging
 18569 | D:13     | Reached skill level 15 in Armour
 19222 | D:14     | Found a shadowy altar of Dithmenos.
 19313 | D:14     | Received a gift from Trog
 19321 | D:14     | Reached XP level 16. HP: 99/149 MP: 12/15
 19322 | D:14     | Noticed Azrael
 19334 | D:14     | Killed Azrael
 19411 | D:14     | HP: 7/149 [vampire mosquito (5)]
 19411 | D:14     | HP: 3/149 [vampire mosquito (4)]
 19417 | D:14     | HP: 1/149 [wight/halberd of freezing (5)]
 19417 | D:14     | Slain by a wight

Skill      XL: |  1  2  3  4  5  6  7  8  9 10 11 12 13 14 15 |
---------------+----------------------------------------------+-----
Axes           | 4 5 6 7 9 10 12 14 15 18 20 21 | 21.6
Fighting       | 4 5 7 8 9 10 12 13 14 15 | 15.6
Armour         | 3 4 6 7 8 10 11 12 14 15 | 15.3
Dodging        | 3 5 6 8 10 | 10.7

Action                   |  1- 3 |  4- 6 |  7- 9 | 10-12 | 13-15 | 16-18 || total
-------------------------+-------+-------+-------+-------+-------+-------++-------
Melee: Hand axe          |    45 |   163 |       |       |       |       ||   208
       Headbutt          |     8 |    35 |    59 |    78 |   131 |    18 ||   329
       War axe           |       |       |   227 |       |       |       ||   227
       Executioner's axe |       |       |    14 |   474 |   695 |    67 ||  1250
Invok: Berserk           |     1 |     4 |     6 |    16 |    13 |     2 ||    42
       Trog's Hand       |       |       |     2 |     8 |     3 |     1 ||    14
       Brothers in Arms  |       |       |       |     3 |       |     1 ||     4
Evoke: Wand              |       |       |       |       |     1 |       ||     1
  Use: Scroll            |     6 |     6 |     9 |     6 |    21 |     2 ||    50
       Potion            |       |       |       |     4 |     3 |     4 ||    11
 Stab: Distracted        |       |       |       |       |       |     1 ||     1
  Eat: Chunk             |       |    11 |    12 |    32 |    20 |     1 ||    76
       Ration            |       |       |     1 |     3 |     6 |       ||    10
Armor: Animal skin       |     3 |       |       |       |       |       ||     3
       Chain mail        |     9 |    75 |    90 |       |       |       ||   174
       Plate armour      |       |       |     8 |   327 |   467 |    41 ||   843
       Skin              |       |       |       |       |     2 |       ||     2
Dodge: Dodged            |    26 |    42 |    58 |   194 |   491 |    37 ||   848
Block: Shield            |     2 |    47 |    75 |       |       |       ||   124
